 Dungeon Crawl Stone Soup version 0.30-a0-652-gcc886f7154 (webtiles) character file.

Game seed: 14014408773928542686

9741 HoaS the Brawler (level 11, 0/82 HPs)
             Began as a Demigod Gladiator on Jan 17, 2023.
             Slain by a blink frog (9 damage)
             ... on level 2 of the Lair of Beasts.
             The game lasted 00:38:05 (12493 turns).

HoaS the Brawler (Demigod Gladiator)               Turns: 12493, Time: 00:38:06

Health: 0/82       AC: 16    Str: 33    XL:     11   Next: 6%
Magic:  14/14      EV:  9    Int: 10    God:
Gold:   814        SH:  0    Dex: 15    Spells: 10/10 levels left

rFire   . . .      SeeInvis .      - Unarmed
rCold   . . .      Faith    .    (no shield)
rNeg    . . .      Spirit   .    E - +0 plate armour
rPois   .          Reflect  .    b - +2 helmet
rElec   .          Harm     .    g - +1 cloak
rCorr   .          Rampage  .    (no gloves)
Will    ++...                    (no boots) Stlth
                                 (no amulet)
HPRegen 0.33/turn                h - ring of willpower
MPRegen 0.14/turn                z - +6 ring of strength

@: mighty
A: high MP 1, forlorn, divine attributes
a: no special abilities


You were on level 2 of the Lair of Beasts.
You visited 2 branches of the dungeon, and saw 12 of its levels.
You also visited: Sewer and Bailey.

You collected 814 gold pieces.

Inventory:

Missiles
 c - 4 throwing nets
 e - 7 boomerangs
 l - 37 poisoned darts
 y - 4 javelins (quivered)
 B - 2 curare-tipped darts
 D - 5 boomerangs of dispersal
Armour
 b - a +2 helmet (worn)
 g - a +1 cloak (worn)
 E - a +0 plate armour (worn)
Jewellery
 h - a ring of willpower (left hand)
 j - a ring of ice
 z - a +6 ring of strength (right hand)
Wands
 n - a wand of paralysis (7)
 s - a wand of mindburst (21)
 A - a wand of polymorph (13)
 C - a wand of iceblast (12)
Scrolls
 a - a scroll of identify
 d - a scroll of poison {unknown}
 k - 5 scrolls of teleportation
 q - 2 scrolls of fear
 r - 2 scrolls of blinking
 v - a scroll of fog
 x - 3 scrolls of magic mapping
 F - a scroll of enchant armour
Potions
 f - 2 potions of invisibility {unknown}
 i - a potion of lignification
 m - 3 potions of flight
 o - 3 potions of attraction
 p - a potion of berserk rage
 u - a potion of mutation
 w - a potion of resistance


   Skills:
 + Level 3.3 Fighting
 - Level 1.7 Throwing
 + Level 2.6 Armour
 + Level 4.0 Dodging
 * Level 15.4 Unarmed Combat


You had 10 spell levels left.
You didn't know any spells.
Your spell library contained the following spells:

 Spells                   Type           Power      Damage    Failure   Level
 Freeze                   Ice            0%         1d3       98%         1
 Frozen Ramparts          Ice            0%         1d1       100%        3
 Hailstorm                Conj/Ice       0%         3d3       100%        3
 Vhi's Electric Charge    Tloc/Air       0%         N/A       100%        3
 Petrify                  Tmut/Erth      0%         N/A       100%        4
 Summon Ice Beast         Ice/Summ       0%         N/A       100%        4
 Arcjolt                  Conj/Air       0%         1d10      100%        5
 Freezing Cloud           Conj/Ice/Air   0%         6-21      100%        5
 Metabolic Englaciation   Hex/Ice        0%         N/A       100%        5
 Summon Mana Viper        Hex/Summ       0%         N/A       100%        5
 Simulacrum               Ice/Necr       0%         N/A       100%        6
 Statue Form              Tmut/Erth      0%         N/A       100%        6
 Monstrous Menagerie      Summ           0%         N/A       100%        7
 Maxwell's Capacitive Co  Air            0%         ∞         100%        8
 Polar Vortex             Ice            0%         N/A       100%        9


Dungeon Overview and Level Annotations

Branches:
Dungeon (10/15)            Temple (0/1) D:7            Lair (1/5) D:10
    Orc (0/2) D:9           Sewer (visited)          Bailey (visited)

Annotations:
D:10 Josephine


Innate Abilities, Weirdness & Mutations

You have an increased reservoir of magic. (+10% MP)
You shall have no god before yourself.
Your divine heritage dramatically boosts your attributes as you level up.


Message History

The wolf bites you but does no damage. The komodo dragon barely misses you.
You punch the komodo dragon!
The komodo dragon is moderately wounded.
The wolf bites you.
You punch the komodo dragon!
The komodo dragon is severely wounded.
The wolf bites you. The komodo dragon closely misses you.
The wolf closely misses you.
You hit the komodo dragon.
The komodo dragon is severely wounded.
The wolf bites you but does no damage. The komodo dragon bites you!!
* * * LOW HITPOINT WARNING * * *
You closely miss the komodo dragon.
The komodo dragon is severely wounded.
The wolf bites you but does no damage.
You pummel the komodo dragon!!
You kill the komodo dragon!
The wolf closely misses you.
You feel very mighty all of a sudden.
The wolf bites you but does no damage. x2; The blink frog hits you.
* * * LOW HITPOINT WARNING * * *
The blink frog blinks!
You barely miss the wolf.
The wolf is moderately wounded.
The wolf bites you but does no damage.
You pummel the wolf!!
You kill the wolf!
You barely miss the wolf. The wolf closely misses you. The wolf bites you!
* * * LOW HITPOINT WARNING * * *
You pummel the wolf!!
You kill the wolf!
You barely miss the wolf. The wolf misses you.
You barely miss the wolf. The wolf misses you.
The blink frog blinks!
You closely miss the wolf.
The wolf bites you but does no damage. x2
You closely miss the wolf. You punch the wolf!!
You kill the wolf!
Your Dodging skill increases to level 4!
Items here: ††††.
The blink frog hits you!
You die...

...............
#.†# #. #.)#
#.. #.####
#...###....#
#..........#
#...P#....##
.... ##..F# ...
#..@# #. #.#†#
# ###.# #†# ...
..... .......
.........
#.#.#.###..


You could see a blink frog.

Vanquished Creatures
  2 two-headed ogres (D:9)
  Maurice (D:10)
  A black mamba (Lair:2)
  2 cane toads (Lair:1)
  Maggie (Lair:2)
  Psyche (D:9)
  A komodo dragon (Lair:2)
  A troll (D:9)
  A blink frog (Lair:2)
  A hornet (D:7)
  A wraith (Lair:1)
  A vampire (D:8)
  A basilisk (Lair:2)
  2 wyverns
  A water moccasin (D:6)
  2 ice beasts (D:5)
  6 orc warriors
  4 black bears
  6 wolves (Lair:2)
  2 ogres
  2 centaurs
  3 phantoms
  3 kobold brigands
  7 bullfrogs
  6 gnoll sergeants
  A necrophage (D:5)
  A wyvern skeleton (D:6)
  A water moccasin skeleton (D:6)
  6 killer bees
  2 howler monkeys
  A centaur zombie (D:6)
  5 orc priests
  2 gnoll boudas
  5 hounds
  A jelly (D:8)
  2 bullfrog skeletons (D:6)
  16 orc wizards
  A killer bee zombie (D:6)
  35 gnolls
  9 adders
  A river rat (Sewer)
  2 white imps (D:6)
  An ufetubus (D:5)
  3 worms
  3 dart slugs
  29 orcs
  3 bats (D:1)
  6 endoplasms
  8 giant cockroaches
  8 goblins
  9 hobgoblins
  3 jackals (D:2)
  8 quokkas
  20 ball pythons
  5 frilled lizards
  21 kobolds
  21 rats
298 creatures vanquished.

Vanquished Creatures (others)
  6 fungi
  4 plants (Lair:2)
  5 toadstools (D:3)
  2 withered plants (D:6)
17 creatures vanquished.

Grand Total: 315 creatures vanquished

Notes
Turn   | Place    | Note
-------+----------+-------------------------------------------
     0 | D:1      | HoaS the Demigod Gladiator began the quest for the Orb.
     0 | D:1      | Reached XP level 1. HP: 17/17 MP: 3/3
    97 | D:1      | Reached skill level 3 in Unarmed Combat
   338 | D:1      | Reached XP level 2. HP: 24/24 MP: 4/4
  1130 | D:2      | Reached XP level 3. HP: 25/29 MP: 5/5
  1199 | D:2      | Reached skill level 4 in Unarmed Combat
  1828 | D:2      | Reached XP level 4. HP: 13/36 MP: 6/6
  2615 | D:4      | Reached skill level 5 in Unarmed Combat
  3304 | D:5      | Entered Level 5 of the Dungeon
  3304 | D:5      | Noticed an ogre
  3313 | D:4      | Killed an ogre
  3314 | D:4      | Reached XP level 5. HP: 31/41 MP: 7/7
  3438 | D:5      | Reached skill level 6 in Unarmed Combat
  3556 | D:5      | Reached XP level 6. HP: 35/48 MP: 8/8
  3710 | D:5      | Reached skill level 7 in Unarmed Combat
  4178 | D:5      | Reached XP level 7. HP: 40/53 MP: 9/9
  4371 | D:6      | Found a glowing drain.
  4381 | Sewer    | Entered a sewer
  4420 | Sewer    | Reached skill level 8 in Unarmed Combat
  5155 | D:5      | Reached skill level 9 in Unarmed Combat
  5228 | D:5      | Reached XP level 8. HP: 59/60 MP: 10/10
  5344 | D:6      | Reached skill level 10 in Unarmed Combat
  6362 | D:6      | Reached skill level 11 in Unarmed Combat
  7229 | D:7      | Found a flagged portal.
  7239 | Bailey   | Entered a bailey
  7381 | Bailey   | Reached XP level 9. HP: 59/67 MP: 11/11
  7833 | D:7      | Reached skill level 12 in Unarmed Combat
  7881 | D:7      | Found a staircase to the Ecumenical Temple.
  8242 | D:7      | Paralysed by a hornet for 1 turns
  8881 | D:8      | Reached skill level 13 in Unarmed Combat
  9760 | D:9      | Noticed a two-headed ogre
  9994 | D:9      | Killed a two-headed ogre
  9995 | D:9      | Reached XP level 10. HP: 73/73 MP: 13/13
 10125 | D:9      | Reached skill level 14 in Unarmed Combat
 10197 | D:9      | Noticed Psyche
 10205 | D:9      | Killed Psyche
 11056 | D:9      | Found a staircase to the Orcish Mines.
 11147 | D:10     | Entered Level 10 of the Dungeon
 11156 | D:10     | Noticed Maurice
 11170 | D:10     | Killed Maurice
 11386 | D:10     | Noticed a two-headed ogre
 11412 | D:9      | Reached skill level 15 in Unarmed Combat
 11536 | D:9      | Killed a two-headed ogre
 11537 | D:9      | Reached skill level 1 in Armour
 11558 | D:10     | Found a staircase to the Lair.
 11737 | D:10     | Noticed Josephine
 11753 | Lair:1   | Entered Level 1 of the Lair of Beasts
 11882 | Lair:1   | HP: 3/74 [poisoned by a cane toad]
 12222 | Lair:1   | You fall into a shaft and drop 1 floor!
 12222 | Lair:2   | Noticed Maggie
 12222 | Lair:2   | Noticed a black mamba
 12232 | Lair:2   | Killed Maggie
 12240 | Lair:2   | Killed a black mamba
 12471 | Lair:2   | Reached XP level 11. HP: 49/82 MP: 14/14
 12493 | Lair:2   | Slain by a blink frog

Illustrated notes

Levels and vault maps discovered:
D:1:      lightli_arrival_farm, layout_loops_ring
D:2:      layout_basic
D:3:      layout_rooms, minmay_gold_behind_fungi
D:4:      layout_gridville, trog_book, grunt_ministairs_11,
          minmay_misc_feat_diagonals
D:5:      layout_loops_ring
D:6:      minmay_flawed_box, layout_basic, mainiacjoe_overflow_paths,
          serial_undead, serial_undead_c, serial_undead_d, serial_undead_d,
          serial_undead_f, gup_sewer_entry_pipe
D:7:      layout_loops_ring, minmay_temple_entry_glass, enter_bailey_2
D:8:      layout_loops_ring, serial_park_tiny_1
D:9:      layout_rooms, kennysheep_slug_shrine, david_orc_4, uniq_psyche
D:10:     old_forge, layout_cave_pools,
          chequers_temple_overflow_statue_of_worship, uniq_amaemon,
          uniq_maurice, uniq_josephine, uniq_grum
Lair:1:   layout_regular_city, serial_bayou_shore_a
Lair:2:   layout_regular_city, dummy_snake_entry, st_stairs_4, uniq_urug,
          uniq_maggie

Skill      XL: |  1  2  3  4  5  6  7  8  9 10 11 |
---------------+----------------------------------+-----
Unarmed Combat | 3 4 5 6 7 9 11 13 15 | 15.4
Fighting       | 3 |  3.3
Armour         | 2 |  2.6
Dodging        | 3 4 |  4.0
Throwing       | |  1.7

Action                   |  1- 3 |  4- 6 |  7- 9 | 10-12 || total
-------------------------+-------+-------+-------+-------++-------
Melee: Unarmed           |   198 |   179 |   518 |   220 ||  1115
       Punch             |     5 |     5 |    36 |    13 ||    59
Throw: Javelin           |       |     1 |     3 |     4 ||     8
       Throwing net      |       |       |     4 |     2 ||     6
       Boomerang         |       |       |     4 |       ||     4
  Use: Scroll            |     4 |     8 |    11 |     1 ||    24
       Potion            |       |     1 |     5 |     3 ||     9
 Stab: Held in net/web   |       |       |     1 |       ||     1
Armor: Ring mail         |    30 |       |       |       ||    30
       Chain mail        |    54 |    88 |   287 |    19 ||   448
       Skin              |       |       |    64 |     7 ||    71
       Plate armour      |       |       |       |    79 ||    79
Dodge: Dodged            |    81 |    72 |   244 |    70 ||   467

Table legend: (Time is in decaauts)
 A = Elapsed time spent in this place.
 B = Non-inter-level travel time spent in this place.
 C = Inter-level travel time spent in this place.
 D = Time resting spent in this place.
 E = Time spent auto-exploring this place.
 F = Levels seen in this place.
 G = Mean time per level.
                   A        B        C        D        E       F      G
               +--------+--------+--------+--------+--------+-----+--------+
         Total |  12446 |  12152 |    294 |   3954 |   4840 |  14 |  889.0 |
       Dungeon |  10927 |  10633 |    294 |   3175 |   4517 |  10 | 1092.7 |
          Lair |    727 |    727 |      0 |    490 |    113 |   2 |  363.5 |
         Sewer |    648 |    648 |      0 |    220 |    190 |   1 |  648.0 |
        Bailey |    143 |    143 |      0 |     67 |     19 |   1 |  143.0 |
               +--------+--------+--------+--------+--------+-----+--------+

Top non-repeatable levels by time:
     D:9: 1629 daAuts
     D:6: 1584 daAuts
     D:5: 1476 daAuts
     D:7: 1311 daAuts
     D:8: 1277 daAuts
     D:2: 1006 daAuts
     D:1: 950 daAuts
     D:4: 810 daAuts
   Sewer: 648 daAuts
     D:3: 627 daAuts
  Lair:1: 475 daAuts
    D:10: 253 daAuts
  Lair:2: 252 daAuts
  Bailey: 143 daAuts
